 Dungeon Crawl Stone Soup version 0.27-a0-836-gfc908b8576 (webtiles) character file.

Game seed: 4647796784508018136

40 polve the Ruffian (level 3, -1/30 HPs)
             Began as a Draconian Transmuter on Apr 1, 2021.
             Slain by a gnoll
             ... wielding a +2 club of freezing
              (7 damage)
             ... on level 1 of the Dungeon.
             The game lasted 00:01:06 (1265 turns).

polve the Ruffian (Draconian Transmuter)            Turns: 1265, Time: 00:01:07

Health: -1/30      AC:  5    Str: 12    XL:     3   Next: 30%
Magic:  6/6        EV: 12    Int: 14    God:
Gold:   47         SH:  0    Dex: 11    Spells: 5/6 levels left

rFire    . . .     SeeInvis .     - Unarmed
rCold    . . .     Faith    .   (no shield)
rNeg     . . .     Spirit   .   (armour unavailable)
rPois    +         Reflect  .   (helmet currently unavailable)
rElec    .         Harm     .   (no cloak)
rCorr    .         Rampage  .   (no gloves)
Will     .....                  (boots currently unavailable)
Stlth    +.........             (no amulet)
HPRegen  0.10/turn              a - ring of poison resistance
MPRegen  0.10/turn              (no ring)

@: appendages (expiring)
A: horns 2, talons 2, AC +5, unfitting armour, cold-blooded
a: End Transformation


You were on level 1 of the Dungeon.
You had temporarily grown beastly horns and talons.
You visited 1 branch of the dungeon, and saw 2 of its levels.

You collected 47 gold pieces.

Inventory:

Jewellery
 a - a ring of poison resistance (left hand)
Scrolls
 b - 2 scrolls of identify {unknown}
 c - a scroll of holy word {unknown}
Potions
 d - a potion of flight {unknown}


   Skills:
 + Level 2.6 Fighting
 - Level 1.7 Dodging
 + Level 3.8 Unarmed Combat
 - Level 2.0 Spellcasting
 - Level 2.0 Transmutations


You had 5 spell levels left.
You knew the following spells:

 Your Spells              Type           Power      Damage    Failure   Level
a - Beastly Appendage     Tmut           14%        N/A       11%         1

Your spell library contained the following spells:

 Spells                   Type           Power      Damage    Failure   Level
 Wereblood                Tmut           7%         N/A       16%         2
 Spider Form              Tmut/Pois      2%         N/A       43%         3
 Ice Form                 Ice/Tmut       4%         N/A       83%         4
 Hydra Form               Tmut           3%         N/A       96%         5


Dungeon Overview and Level Annotations

Branches:
Dungeon (2/15)

Altars:


Innate Abilities, Weirdness & Mutations

You have temporarily grown beastly horns and talons.
Your plain brown scales are hard. (AC +5)
You cannot fit into any form of body armour.
You are cold-blooded and may be slowed by cold attacks.


Message History

You grow a pair of large bovine horns.
Your feet morph into talons.
You climb downwards.
A gnoll comes into view.
It is wielding a +3 halberd of freezing.
The gnoll shouts!
The gnoll hits you with a +2 club of freezing.
The gnoll freezes you.
The gnoll hits you with a +2 club of freezing.
You feel yourself slow down. The gnoll freezes you.
There is a stone staircase leading up here.
You are too injured to fight recklessly!
You are too injured to fight recklessly!
You are too injured to fight recklessly!
You are too injured to fight recklessly!
You are too injured to fight recklessly!
You are too injured to fight recklessly!
You are too injured to fight recklessly!
You are too injured to fight recklessly!
You are too injured to fight recklessly!
You are too injured to fight recklessly!
You are too injured to fight recklessly!
You hit the gnoll. Your headbutt misses the gnoll.
The gnoll is lightly wounded.
The gnoll completely misses you.
You feel yourself speed up.
The gnoll hits you with a +2 club of freezing.
You feel yourself slow down. The gnoll freezes you. The gnoll misses you.
The gnoll hits you with a +2 club of freezing.
* * * LOW HITPOINT WARNING * * *
The gnoll freezes you.
* * * LOW HITPOINT WARNING * * *
You climb upwards.
Your transformation is almost over.
You feel yourself speed up.
There is a stone staircase leading down here.
You closely miss the gnoll. You claw the gnoll. Your headbutt misses the gnoll.
The gnoll is moderately wounded.
The gnoll closely misses you.
You barely miss the gnoll. You claw the gnoll.
The gnoll is severely wounded.
The gnoll hits you with a +2 club of freezing!
You die...

#.######...# #.# #...#
#.# ##...# #.# #...##
###### #.# ##...#
##....# #####.#
##...##
#...#.###.....###...##
#...#.........##...##
##...###@g.....##...#
#...## #.......#...##
##...# #.......#...#
#...#####.......#...##
##...#
#..............#
##...##
#..............#####
##...##
###.........##......
##...##
###.........##.#####
##...##
#...............## #


You could see a gnoll.

Vanquished Creatures
  2 gnolls (D:2)
  4 bats
  5 endoplasms (D:1)
  2 jackals (D:1)
  4 ball pythons (D:1)
  A kobold (D:1)
  4 rats (D:1)
22 creatures vanquished.

Notes
Turn   | Place    | Note
-------+----------+-------------------------------------------
     0 | D:1      | polve the Draconian Transmuter began the quest for the Orb.
     0 | D:1      | Reached XP level 1. HP: 16/16 MP: 3/3
   154 | D:1      | Reached XP level 2. HP: 22/24 MP: 5/5
  1021 | D:2      | Reached XP level 3. HP: 29/30 MP: 6/6
  1265 | D:1      | Slain by a gnoll

Illustrated notes

Levels and vault maps discovered:
D:1:      dpeg_arrival_solitude, layout_rooms, serial_curves, eino_curves_02,
          eino_curves_01
D:2:      layout_basic

Skill      XL: |  1  2 |
---------------+-------+-----
Fighting       | 2 |  2.6
Dodging        | |  1.7
Unarmed Combat | |  3.8
Spellcasting   | |  2.0
Transmutations | |  2.0

Action                   || total
-------------------------++-------
Melee: Unarmed           ||    72
       Kick              ||     8
       Tailslap          ||     3
       Punch             ||     1
 Cast: Beastly Appendage ||     4
Armor: Skin              ||    26
Dodge: Dodged            ||    59

Table legend: (Time is in decaauts)
 A = Elapsed time spent in this place.
 B = Non-inter-level travel time spent in this place.
 C = Inter-level travel time spent in this place.
 D = Time resting spent in this place.
 E = Time spent auto-exploring this place.
 F = Levels seen in this place.
 G = Mean time per level.
                   A        B        C        D        E       F      G
               +--------+--------+--------+--------+--------+-----+--------+
         Total |   1265 |   1201 |     64 |      0 |   1035 |   2 |  632.5 |
       Dungeon |   1265 |   1201 |     64 |      0 |   1035 |   2 |  632.5 |
               +--------+--------+--------+--------+--------+-----+--------+

Top non-repeatable levels by time:
     D:1: 1233 daAuts
     D:2: 31 daAuts
